 Dungeon Crawl Stone Soup version 0.20.1-1-g8b1a95d (webtiles) character file.

92 equalderp2856 the Chopper (level 4, 0/40 HPs)
             Began as a Minotaur Fighter on Sept 26, 2017.
             Slain by a sky beast (5 damage)
             ... on level 3 of the Dungeon.
             The game lasted 00:02:26 (1694 turns).

equalderp2856 the Chopper (Minotaur Fighter)        Turns: 1694, Time: 00:02:27

Health: 0/40       AC: 11    Str: 21    XL:     4   Next: 35%
Magic:  3/3        EV:  4    Int:  5    God:
Gold:   214        SH:  9    Dex: 10    Spells: 3/3 levels left

rFire    . . .     SeeInvis .   a - +0 war axe
rCold    . . .     Gourm    .   c - +0 shield
rNeg     . . .     Faith    .   v - +0 plate armour
rPois    .         Spirit   .   (helmet restricted)
rElec    .         Reflect  .   (no cloak)
rCorr    .         Harm     .   (no gloves)
MR       .....                  (no boots)
Stlth    ..........             e - amulet of rage
Regen    0.2/turn               (no ring)
MPRegen  0.1/turn               (no ring)

@: no status effects
A: retaliatory headbutt, horns 2
a: Evoke Berserk Rage


You were on level 3 of the Dungeon.
You were hungry.

You visited 1 branch of the dungeon, and saw 3 of its levels.

You collected 214 gold pieces.

Inventory:

Hand Weapons
 a - a +0 war axe (weapon)
Armour
 b - a +0 scale mail
 c - a +0 shield (worn)
 v - a +0 plate armour (worn)
Jewellery
 e - an amulet of rage (around neck)
 n - an uncursed ring of protection from fire {unknown}
Wands
 w - a wand of iceblast (13/15)
Scrolls
 g - a scroll of noise {unknown}
 j - 2 scrolls of fog {unknown}
 k - a scroll of enchant armour {unknown}
 l - 2 scrolls of magic mapping {unknown}
 m - 3 scrolls of teleportation {unknown}
 o - a scroll of remove curse {unknown}
 q - 2 scrolls of identify {unknown}
 r - a scroll of fear {unknown}
Potions
 d - a potion of might
 h - a potion of curing {unknown}
 i - a potion of berserk rage {unknown}
 p - a potion of haste {unknown}
 t - a potion of flight {unknown}
 u - a potion of agility {unknown}
Comestibles
 f - 2 bread rations
 s - a royal jelly


   Skills:
 + Level 4.1 Fighting
 + Level 4.2 Axes
 + Level 4.2 Armour
 + Level 0.3 Stealth
 + Level 4.1 Shields


You had 3 spell levels left.
You didn't know any spells.

Dungeon Overview and Level Annotations

Branches:
Dungeon (3/15)

Altars:


Innate Abilities, Weirdness & Mutations

You reflexively headbutt those who attack you in melee.
You have a pair of horns on your head.


Message History

There is an open door here.
A sky beast appears from thin air!
Reactivating autopickup.
You closely miss the sky beast. Your headbutt misses the sky beast.
The sky beast is almost dead.
You block the sky beast's attack.
You closely miss the sky beast. Your headbutt misses the sky beast.
The sky beast is almost dead.
The sky beast completely misses you. The sky beast barely misses you.
You miss the sky beast.
The sky beast is almost dead.
The sky beast barely misses you.
You hit the sky beast. Your headbutt misses the sky beast.
The sky beast is almost dead.
The sky beast flickers out of sight!
Deactivating autopickup; reactivate with Ctrl-A.
Something hits you.
* * * LOW HITPOINT WARNING * * *
Something shocks you.
You die...

#.########
#.........
########..#######
..........##
######.....#
##...## ##.## #.#
#@# ##{## #≈..#
#.†...# #.......#
#.........#
+....>....+
#.........#
##.......##


There were no monsters in sight!

Vanquished Creatures
  A gnoll (D:1)
  2 adders (D:2)
  2 adder skeletons (D:2)
  2 leopard geckos (D:2)
  2 bat skeletons (D:2)
  3 giant cockroaches
  7 goblins
  10 hobgoblins
  2 jackals (D:1)
  A quokka (D:2)
  4 bats
  5 frilled lizards
  A giant cockroach zombie (D:2)
  6 kobolds
  A quokka zombie (D:2)
  7 rats
56 creatures vanquished.

Notes
Turn   | Place    | Note
-------+----------+-------------------------------------------
     0 | D:1      | equalderp2856 the Minotaur Fighter began the quest for the Orb.
     0 | D:1      | Reached XP level 1. HP: 19/19 MP: 0/0
    66 | D:1      | Reached XP level 2. HP: 17/27 MP: 1/1
   532 | D:1      | Reached XP level 3. HP: 14/33 MP: 2/2
  1169 | D:2      | Reached XP level 4. HP: 38/40 MP: 3/3
  1672 | D:3      | Noticed a sky beast
  1694 | D:3      | Slain by a sky beast

Skill      XL: |  1  2  3  4 |
---------------+-------------+-----
Armour         | 4 |  4.2
Axes           | 3 4 |  4.2
Fighting       | 4 |  4.1
Shields        | 4 |  4.1
Stealth        | |  0.3

Action                   |  1- 3 |  4- 6 || total
-------------------------+-------+-------++-------
Melee: War axe           |    82 |    59 ||   141
       Headbutt          |     8 |     7 ||    15
  Eat: Chunk             |       |     2 ||     2
Armor: Scale mail        |    43 |    22 ||    65
       Plate armour      |       |     9 ||     9
Dodge: Dodged            |    34 |    15 ||    49
Block: Shield            |    49 |    29 ||    78
